 Dungeon Crawl Stone Soup version 0.29.1-2-gbd0b4ee654 (webtiles) character file.

Game seed: 1011722458650171528

7 RUZZLEFAZAZZLE the Cudgeller (level 2, -5/29 HPs)
             Began as a Gnoll Cinder Acolyte on Nov 16, 2022.
             Was a High Priest of Ignis.
             Slain by a goblin
             ... wielding a +1 dagger of electrocution
              (18 damage)
             ... on level 1 of the Dungeon.
             The game lasted 00:00:54 (559 turns).

RUZZLEFAZAZZLE the Cudgeller (Gnoll Cinder Acolyte)  Turns: 559, Time: 00:00:54

Health: -5/29      AC:  2    Str: 13    XL:     2   Next: 0%
Magic:  5/5        EV: 11    Int: 13    God:    Ignis [*****.]
Gold:   13         SH:  0    Dex:  7    Spells: 6/6 levels left

rFire   + . .      SeeInvis .   a - -1 mace (flame)
rCold   . . .      Faith    .   (no shield)
rNeg    . . .      Spirit   .   b - +0 robe
rPois   .          Reflect  .   (no helmet)
rElec   .          Harm     .   (no cloak)
rCorr   .          Rampage  .   (no gloves)
Will    .....                   (no boots)
Stlth   +.........              (no amulet)
HPRegen 0.09/turn               (no ring)
MPRegen 0.09/turn               (no ring)

@: no status effects
A: fangs 1, strong nose, distributed training
a: Renounce Religion, Fiery Armour, Foxfire Swarm, Rising Flame


You were on level 1 of the Dungeon.
You worshipped Ignis.
Ignis was extremely pleased with you.
You visited 1 branch of the dungeon, and saw 1 of its levels.

You collected 13 gold pieces.

Inventory:

Hand Weapons
 a - a -1 mace of flaming (weapon)
Armour
 b - a +0 robe (worn)
Scrolls
 d - a scroll of identify {unknown}
Potions
 c - a potion of curing {unknown}
 e - a potion of heal wounds {unknown}


   Skills:
 + Level 6.4 Fighting
 + Level 0.2 Short Blades
 + Level 0.2 Long Blades
 + Level 0.2 Axes
 + Level 6.4 Maces & Flails
 + Level 0.2 Polearms
 + Level 0.2 Staves
 + Level 0.2 Ranged Weapons
 + Level 0.2 Throwing
 + Level 0.2 Armour
 + Level 0.2 Dodging
 + Level 0.2 Stealth
 + Level 0.2 Shields
 + Level 0.2 Unarmed Combat
 + Level 2.6 Spellcasting
 + Level 0.1 Conjurations
 + Level 0.1 Hexes
 + Level 0.1 Summonings
 + Level 0.1 Necromancy
 + Level 0.1 Translocations
 + Level 0.1 Transmutations
 + Level 5.3 Fire Magic
 + Level 0.1 Ice Magic
 + Level 0.1 Air Magic
 + Level 0.1 Earth Magic
 + Level 0.1 Poison Magic
 + Level 0.3 Invocations
 + Level 0.2 Evocations


You had 6 spell levels left.
You didn't know any spells.
Your spell library contained the following spells:

 Spells                   Type           Power      Damage    Failure   Level
 Scorch                   Fire           30%        2d6       4%          2
 Necrotise                Necr           8%         1d4       22%         1
 Vampiric Draining        Necr           2%         2d6       54%         3
 Agony                    Necr           2%         N/A       99%         5


Dungeon Overview and Level Annotations

Branches:
Dungeon (1/15)

Altars:


Innate Abilities, Weirdness & Mutations

You have very sharp teeth.
Your uncanny sense of smell can sniff out nearby items.
Your experience applies equally to all skills.


Message History

You kill the goblin!
No target in view!
No target in view!
A quokka comes into view.
You see here a +0 dagger.
The quokka barely misses you.
You hit the quokka. You burn the quokka. Your bite misses the quokka.
The quokka is moderately wounded.
The quokka bites you. The quokka barely misses you.
You hit the quokka. You burn the quokka.
The quokka is severely wounded.
The quokka bites you.
You barely miss the quokka.
The quokka is severely wounded.
The quokka barely misses you.
You hit the quokka. You burn the quokka.
You kill the quokka!
No target in view!
d - a scroll labelled XOOR ZEIHODICW No target in view!
Found a stone staircase leading down.
e - a pink potion A goblin comes into view.
It is wielding a +1 dagger of electrocution.
The goblin shouts!
A rat comes into view.
Found 5 poisoned darts.
A bat comes into view.
The goblin hits you with a +1 dagger of electrocution.
You hit the rat. You burn the rat.
You kill the rat!
The goblin barely misses you.
You have reached level 2!
You hit the goblin but do no damage. The goblin hits you but does no damage.
You are electrocuted!
You hit the bat. You burn the bat.
You kill the bat!
The goblin hits you with a +1 dagger of electrocution.
You are electrocuted!!
Ouch! That really hurt!
You die...

#.# #.# #.#.#
..#####.###.#.#
#.............#
#.......###.########.
#.###.###..>.........
#. #...########. #.
#...####### #
#..........
#.@######## #†g# #..#
#..# .... ##... #..(
.....


You could see a goblin.

Vanquished Creatures
  A hobgoblin (D:1)
  2 quokkas (D:1)
  A ball python (D:1)
  2 bats (D:1)
  A goblin (D:1)
  A rat (D:1)
8 creatures vanquished.

Notes
Turn   | Place    | Note
-------+----------+-------------------------------------------
     0 | D:1      | RUZZLEFAZAZZLE the Gnoll Cinder Acolyte began the quest for
                  | the Orb.
     0 | D:1      | Reached XP level 1. HP: 23/23 MP: 4/4
   558 | D:1      | Reached XP level 2. HP: 28/29 MP: 5/5
   559 | D:1      | Slain by a goblin

Illustrated notes

Levels and vault maps discovered:
D:1:      ebering_trefoil_twist, layout_loops_ring,
          shapermc_ecumenical_altar_venn

Action                   || total
-------------------------++-------
Melee: Mace              ||    27
       Bite              ||     1
Armor: Robe              ||     4
Dodge: Dodged            ||    25
